 Dungeon Crawl Stone Soup version 0.29.1-2-gbd0b4ee654 (webtiles) character file.

Game seed: 17777347456397710332

161 p00ps00p the Trooper (level 5, -11/47 HPs)
             Began as a Hill Orc Fighter on Oct 29, 2022.
             Killed by divine providence
             ... invoked by an orc priest
              (13 damage)
             ... on level 3 of the Dungeon.
             The game lasted 00:07:06 (2792 turns).

p00ps00p the Trooper (Hill Orc Fighter)             Turns: 2792, Time: 00:07:06

Health: -11/47     AC:  7    Str: 21      XL:     5   Next: 42%
Magic:  5/5        EV:  9    Int:  5 (8)  God:
Gold:   231        SH:  4    Dex:  7 (10) Spells: 4/4 levels left

rFire   . . .      SeeInvis .   a - +0 war axe
rCold   . . .      Faith    .   c - +0 buckler
rNeg    . . .      Spirit   .   b - +0 scale mail
rPois   .          Reflect  .   (no helmet)
rElec   .          Harm     .   (no cloak)
rCorr   .          Rampage  .   (no gloves)
Will    .....                   (no boots)
Stlth   ..........              (no amulet)
HPRegen 0.15/turn               (no ring)
MPRegen 0.09/turn               (no ring)

@: attractive
A: no striking features
a: Convert to Beogh


You were on level 3 of the Dungeon.
You visited 1 branch of the dungeon, and saw 3 of its levels.

You collected 231 gold pieces.

Inventory:

Hand Weapons
 a - a +0 war axe (weapon)
Missiles
 d - 11 poisoned darts (quivered)
Armour
 b - a +0 scale mail (worn)
 c - a +0 buckler (worn)
Scrolls
 e - a scroll of torment {unknown}
 f - a scroll of enchant armour {unknown}
 l - 4 scrolls of identify {unknown}
 n - a scroll of blinking {unknown}
 o - a scroll of butterflies {unknown}
 p - a scroll of teleportation {unknown}
Potions
 g - a potion of attraction
 h - a potion of lignification {unknown}
 i - a potion of berserk rage {unknown}
 j - a potion of curing {unknown}
 k - a potion of resistance {unknown}
 m - a potion of flight {unknown}


   Skills:
 + Level 4.7 Fighting
 + Level 4.3 Axes
 + Level 4.3 Armour
 + Level 4.2 Shields


You had 4 spell levels left.
You didn't know any spells.
Your spell library contained the following spells:

 Spells                   Type           Power      Damage    Failure   Level
 Ensorcelled Hibernation  Hex/Ice        0%         N/A       95%         2
 Passwall                 Tmut/Erth      0%         N/A       95%         2
 Scorch                   Fire           0%         2d5       95%         2
 Swiftness                Air            0%         N/A       99%         3
 Flame Wave               Conj/Fire      0%         2d4       100%        4
 Summon Cactus Giant      Summ           0%         N/A       100%        6


Dungeon Overview and Level Annotations

Branches:
Dungeon (3/15)

Altars:

Shops:
D:1 =[(*:


Message History

You barely miss something. You block something's attack.
You closely miss something.
You hear some strange, mumbled words.
Something tries to affect you, but you resist.
You slash something!
Reactivating autopickup.
You feel a bit more experienced. The orc barely misses you.
The orc hits you with a +0 flail.
You slash the orc!
You kill the orc!
The orc hits you from afar with a +0 trident.
You hit the orc but do no damage. The orc hits you with a +0 short sword.
The orc barely misses you.
You slash the orc!
You kill the orc!
The orc hits you from afar with a +0 trident.
The orc priest invokes the aid of Beogh against you.
Beogh smites you!
The orc priest calls down the wrath of Beogh upon you.
Pain shoots through your body!
* * * LOW HITPOINT WARNING * * *
The orc hits you but does no damage.
The orc hits you from afar with a +0 trident.
* * * LOW HITPOINT WARNING * * *
You block the orc's attack. The orc misses you. The orc barely misses you.
You see here a +0 robe.
The orc hits you from afar with a +0 trident.
* * * LOW HITPOINT WARNING * * *
It was a potion of attraction.
You feel attractive to monsters. The orc completely misses you.
The orc is attracted toward you. The orc hits you but does no damage.
The orc is attracted toward you. The orc priest is attracted toward you.
You closely miss the orc. The orc hits you with a +0 trident.
* * * LOW HITPOINT WARNING * * *
The orc priest calls down the wrath of Beogh upon you.
Beogh smites you!
You die...

# #.....# #.# ##
####### #.# .# ##.#
#### #[.# ...# #.##
##.###### #o#
##......# #.#
......#.###########ยง#
##.##.#.#.......@oo.#
#.##.....###########
..####.### ##......#
########


You could see an orc priest and an orc.

Vanquished Creatures
  An orc wizard (D:3)
  7 adders
  2 dart slugs (D:1)
  6 orcs (D:3)
  7 ball pythons
  7 bats
  4 endoplasms
  5 goblins
  4 hobgoblins
  2 jackals (D:1)
  7 kobolds
  A quokka (D:2)
  5 frilled lizards
  8 rats
66 creatures vanquished.

Notes
Turn   | Place    | Note
-------+----------+-------------------------------------------
     0 | D:1      | p00ps00p the Hill Orc Fighter began the quest for the Orb.
     0 | D:1      | Reached XP level 1. HP: 19/19 MP: 1/1
   150 | D:1      | Found Lucishron's Antique Weapon Boutique.
   158 | D:1      | Reached XP level 2. HP: 27/27 MP: 2/2
   163 | D:1      | Found Maistid's Book Boutique.
   176 | D:1      | Found Lenaemelie's General Store.
   303 | D:1      | Found Carch's Jewellery Shop.
   333 | D:1      | Reached XP level 3. HP: 33/33 MP: 3/3
   351 | D:1      | Found Jianner's Armour Emporium.
   510 | D:1      | Found a faded altar of an unknown god.
  1223 | D:2      | Reached XP level 4. HP: 35/40 MP: 4/4
  2332 | D:3      | Reached XP level 5. HP: 47/47 MP: 5/5
  2792 | D:3      | HP: 2/47 [orc/+0 trident (6)]
  2792 | D:3      | Killed from afar by an orc priest

Illustrated notes

Levels and vault maps discovered:
D:1:      dpeg_arrival_tiny_d, layout_basic, ebering_ecumenical_altar_abandoned,
          serial_shops, nicolae_shop_stone, nicolae_square_shop, shop,
          nicolae_shop_window_shopping, nicolae_shop_behind_doors,
          hangedman_decor_clover_reticule, minmay_tromino_i2
D:2:      layout_loops_ring, grunt_ministairs_7, nicolae_eternal_life
D:3:      layout_loops_cross, uniq_sigmund

Skill      XL: |  1  2  3  4 |
---------------+-------------+-----
Axes           | 3 4 |  4.3
Fighting       | 4 |  4.7
Armour         | 4 |  4.3
Shields        | 4 |  4.2

Action                   |  1- 3 |  4- 6 || total
-------------------------+-------+-------++-------
Melee: War axe           |    86 |    95 ||   181
  Use: Potion            |     2 |     3 ||     5
Armor: Scale mail        |    91 |    49 ||   140
Dodge: Dodged            |    52 |    63 ||   115
Block: Buckler           |    24 |    26 ||    50
